 Dungeon Crawl Stone Soup version 0.17-a0-963-gaa5423c (webtiles) character file.

289130 oplop the Brawler (level 19, 0/235 HPs)
             Began as a Troll Transmuter on May 7, 2015.
             Was a High Priest of Cheibriados.
             Slain by a merfolk impaler
             ... wielding a +5 demon trident of electrocution
              (13 damage)
             ... on level 4 of the Shoals on May 8, 2015.
             The game lasted 02:29:43 (38123 turns).

oplop the Brawler (Troll Transmuter)               Turns: 38123, Time: 02:29:44

Health: 0/235      AC: 22    Str: 36 (37) XL:     19   Next: 90%
Magic:  27/27      EV: 19    Int: 24      God:    Cheibriados [*****.]
Gold:   3183       SH: 14    Dex: 29      Spells: 9 memorised, 3 levels left

rFire  . . .     SeeInvis +       - Unarmed
rCold  . . .     Clarity  +     u - +2 storm dragon armour
rNeg   + . .     SustAb   .     x - +0 shield {rN+}
rPois  +         Gourm    +     (helmet restricted)
rElec  +         Spirit   .     p - +2 cloak {MR+}
rCorr  +         Warding  .     (gloves unavailable)
rMut   .         Stasis   .     (boots unavailable)
MR     +++..                    k - amulet of Uffud {rCorr rPois MR+}
Stlth  ..........               w - ring of see invisible
                                a - ring of wizardry

@: drained, very slow, extremely resistant to hostile enchantments, extremely
unstealthy
A: unfitting armour, claws 3, repulsion field 1, molten scales 1, berserk 1,
blink 1, blurry vision 2, clarity, deterioration 1, fast metabolism 3, gourmand,
regeneration 2, robust 2, screaming 1, shaggy fur 1, tough skin 2
a: Blink, Bend Time, Temporal Distortion, Slouch, Step From Time, Renounce
Religion
}: 2/15 runes: barnacled, gossamer


You were on level 4 of the Shoals.
You worshipped Cheibriados.
Cheibriados was extremely pleased with you.
You were very full.

You visited 7 branches of the dungeon, and saw 39 of its levels.
You visited the Abyss 1 time.
You visited 1 bazaar.
You also visited: Labyrinth, Sewer, Bailey and Ice Cave.

You collected 5623 gold pieces.
You spent 2440 gold pieces at shops.

Inventory:

Missiles
 b - 12 throwing nets
 L - 13 large rocks
 O - 20 javelins of returning (quivered)
Armour
 p - a +2 cloak of magic resistance (worn)
 u - a +2 storm dragon armour (worn)
 x - a +0 shield of positive energy (worn)
Rods
 n - a +4 rod of ignition (11/11)
   (You found it on level 4 of the Shoals)
Jewellery
 a - a ring of wizardry (left claw)
 g - an uncursed ring of positive energy
 k - the amulet of Uffud (around neck) {rCorr rPois MR+}
   (You found it on level 8 of the Lair of Beasts)

   [amulet of resist corrosion]

   It protects you from acid and corrosion.
   It protects you from poison.
   It affects your resistance to hostile enchantments.
 w - a ring of see invisible (right claw)
 G - an uncursed ring of protection from magic
 J - an uncursed ring of poison resistance
 P - the ring "Ydikes" {rElec Dex+4 SInv}
   (You took it off a deep elf demonologist on level 3 of the Elven Halls)

   [ring of see invisible]

   It affects your dexterity (+4).
   It insulates you from electricity.
   It enhances your eyesight.
 Q - the amulet "Pomn" {Clar +Blink rPois Int+3 SInv}
   (You found it on level 3 of the Elven Halls)

   [amulet of clarity]

   It provides mental clarity.
   It affects your intelligence (+3).
   It protects you from poison.
   It enhances your eyesight.
   It lets you blink.
Magical devices
 c - a wand of teleportation (5)
 o - a wand of heal wounds (3)
 y - a wand of digging (19)
 E - a wand of teleportation (5)
Scrolls
 f - 22 scrolls of remove curse
 i - 18 scrolls of teleportation
 m - 3 scrolls of magic mapping
 s - 5 scrolls of recharging
 v - 6 scrolls of fear
 z - 4 scrolls of fog
 A - 2 scrolls of amnesia
 T - 11 scrolls of identify
 U - 4 scrolls of immolation
 V - a scroll of blinking
 W - 2 scrolls of silence
 Y - a scroll of enchant armour
 Z - a scroll of enchant weapon
Potions
 e - 2 potions of agility
 h - 5 potions of might
 l - 14 potions of curing
 q - 2 potions of resistance
 t - 4 potions of magic
 H - 5 potions of flight
 I - 4 potions of heal wounds
 S - 4 potions of brilliance
 X - a potion of cancellation
Books
 j - a book of Annihilations {highlevel, unknown}

   This book is beyond your current level of understanding.

   Spells                             Type                      Level
   a - Poison Arrow                   Conjuration/Poison           6
   b - Chain Lightning                Conjuration/Air              8
   c - Lehudib's Crystal Spear        Conjuration/Earth            8
   d - Glaciate                       Conjuration/Ice              9
   e - Fire Storm                     Conjuration/Fire             9
 r - a book of Spatial Translocations

   Spells                             Type                      Level
   a - Apportation                    Translocation                1
   b - Blink                          Translocation                2
   c - Shroud of Golubria             Charms/Translocation         2
   d - Portal Projectile              Translocation                3
   e - Teleport Other                 Translocation                3
   f - Passage of Golubria            Translocation                4
 D - Roxanne's Grimoire of the Rocks and Transformation
   (You took it off Roxanne on level 1 of the Shoals)

   Spells                             Type                      Level
   a - Stoneskin                      Transmutation/Earth          2
   b - Stone Arrow                    Conjuration/Earth            3
   c - Passwall                       Transmutation/Earth          3
   d - Leda's Liquefaction            Hexes/Earth                  4
   e - Statue Form                    Transmutation/Earth          6
Comestibles
 d - 27 bread rations
 B - 7 meat rations
 C - 4 beef jerkies


   Skills:
 + Level 13.7(13.4) Fighting
 + Level 10.0(9.8) Throwing
 - Level 8.2(8.0) Armour
 + Level 10.6(10.3) Dodging
 - Level 8.0(7.7) Shields
 - Level 15.8(15.5) Unarmed Combat
 - Level 4.4(4.2) Spellcasting
 - Level 2.9(2.7) Charms
 + Level 10.4(10.2) Transmutations
 - Level 3.0(2.8) Ice Magic
 - Level 12.6(12.4) Invocations


You had 3 spell levels left.
You knew the following spells:

 Your Spells              Type           Power        Failure   Level  Hunger
a - Beastly Appendage     Trmt           ######       1%          1    None
b - Blade Hands           Trmt           ######....   9%          5    #####..
c - Ice Form              Ice/Trmt       #####...     12%         4    ####...
d - Repel Missiles        Chrm/Air       ##....       17%         2    None
e - Flight                Chrm/Air       ##........   47%         3    ##.....
f - Stoneskin             Trmt/Erth      ####....     4%          2    None
g - Portal Projectile     Tloc           #.....       67%         3    ##.....
h - Blink                 Tloc           N/A          34%         2    None
i - Apportation           Tloc           #.........   17%         1    None


Dungeon Overview and Level Annotations

Branches:
Dungeon (15/15)            Temple (1/1) D:5            Lair (8/8) D:11
 Shoals (4/4) Lair:6       Spider (4/4) Lair:4        Slime (0/6) Lair:8
    Orc (4/4) D:9             Elf (3/3) Orc:3        Vaults (0/5) D:14
 Depths (0/5) D:15

Altars:
Ashenzari
Cheibriados
Dithmenos
Elyvilon
Fedhas
Gozag
Kikubaaqudgha
Makhleb
Nemelex Xobeh
Okawaru
Qazlal
Ru
Sif Muna
Trog
Vehumet
Xom
Yredelemnul
Zin
The Shining One
Beogh
Jiyva

Shops:
D:5 [   Orc:2 [   Orc:4 :*}*   Elf:2 [   Elf:3 =!   Shoals:3 ?

Annotations:
Lair:8 1 runed door
Shoals:4 Ilsuiw
Elf:2 3 runed doors


Innate Abilities, Weirdness & Mutations

You are too large for most types of armour.
You have claws for hands.
Your metabolism is lightning-fast.
You like to eat raw meat.
You heal very quickly.
You are covered in fur (AC +1).
You have very tough skin (AC +2).
You are surrounded by a mild repulsion field (EV +2).
You are partially covered in molten scales (AC +1).
You tend to lose your temper in combat.
You can translocate small distances at will.
Scrolls take you longer to read.
You possess an exceptional clarity of mind.
Your body sometimes deteriorates upon taking damage.
You are very robust (+20% HP).
You occasionally shout uncontrollably at your foes.


Message History

* * * LOW HITPOINT WARNING * * *
The merfolk impaler hits you with a demon trident of electrocution.
* * * LOW HITPOINT WARNING * * *
The merfolk javelineer throws a javelin.
The javelin hits you but does no damage.
The merfolk impaler hits you with a demon trident of electrocution!
* * * LOW HITPOINT WARNING * * *
There is an open door, spattered with blood here.
Things that are here:
2 javelins; a large rock Unknown command.
Use which ability? (? or * to list)
Your hands revert to their normal proportions.
Your +0 shield of positive energy unmelds from your body.
You feel more protected from negative energy.
The merfolk javelineer throws a javelin.
The javelin hits you!
* * * LOW HITPOINT WARNING * * *
The merfolk impaler hits you with a demon trident of electrocution!
You die...

≈≈≈≈≈≈≈≈≈≈.......##...##≈
≈≈≈≈≈≈≈≈≈≈≈≈≈.....##'##≈≈
≈≈≈≈≈≈≈≈≈≈≈≈≈........≈≈≈≈
≈≈≈≈≈≈≈≈≈≈≈≈........≈≈≈≈≈
≈≈≈≈≈≈≈≈≈≈..........≈≈≈≈≈
≈≈≈#####...........≈≈≈≈≈≈
##...##..........≈≈≈≈≈≈
#...?†#mE....≈.≈≈≈≈[≈≈≈
#.."†(@m....≈≈≈≈≈≈≈≈≈≈≈
#...((#m...≈≈≈≈≈≈≈≈≈≈..
##...##≈≈≈≈≈≈≈≈≈≈≈≈≈..#
#####≈≈≈≈≈≈≈≈≈≈≈≈≈≈≈..
≈≈≈≈≈≈≈≈≈≈≈≈≈≈≈≈≈..
≈≈≈≈≈≈≈≈≈≈≈≈≈≈≈≈≈≈..
≈≈≈≈≈≈≈≈≈≈≈≈≈≈≈≈≈...
≈≈≈≈≈≈≈≈≈≈≈≈≈≈..
≈≈≈≈≈≈≈≈≈≈


You could see Ilsuiw (invisible), a merfolk impaler, a merfolk javelineer and a
water elemental.

Vanquished Creatures
  Nikola (Shoals:4)
  Jorgrun (Elf:3)
  Rupert (D:12)
  A lich (Abyss:1)
  A deep elf master archer (Elf:3)
  A deep elf blademaster (Elf:3)
  A tentacled starspawn (Abyss:1)
  Agnes (Spider:2)
  Frances (Spider:1)
  Roxanne (Shoals:1)
  Donald (Spider:2)
  5 ghost moths
  Louise (Spider:1)
  12 deep elf sorcerers
  A cacodemon (Abyss:1)
  6 emperor scorpions
  A very ugly thing (Abyss:1)
  9 deep elf demonologists
  11 deep elf annihilators
  The ghost of nubinia the Geomancer, a powerful GrEE of Sif Muna (Lair:6)
  The ghost of namelastname112 the Covert, a powerful DrEn of Gozag (IceCv)
  3 deep elf death magi (Elf:3)
  5 merfolk javelineers (Shoals:4)
  2 deep elf high priests
  A minotaur (Lab)
  11 merfolk impalers
  The ghost of namelastname112 the Archer, a powerful DrWr of Okawaru (Lair:1)
  Fannar (Lair:2)
  8 hydras
  A hell beast (Elf:3)
  7 merfolk aquamancers
  3 catoblepae
  3 merfolk avatars
  3 entropy weavers
  Erica (Elf:3)
  3 alligator snapping turtles
  3 satyrs
  2 dancing weapons (Elf:2)
  6 death yaks (Lair:8)
  6 small abominations
  Urug (Lair:1)
  3 orc high priests (Orc:4)
  8 deep elf knights
  Sonja (Orc:2)
  Nergalle (D:12)
  An ice devil (IceCv)
  A wretched star (Abyss:1)
  2 unseen horrors
  A sun demon (Elf:3)
  A hell knight (Elf:3)
  2 skeletal warriors (D:15)
  A deep troll (D:14)
  15 deep elf summoners
  3 ice statues
  7 harpies
  A lindwurm (Lair:8)
  11 orb spiders
  8 orc knights
  A tengu zombie (D:15)
  Pikel (D:4)
  12 deep elf conjurers
  6 hill giants
  11 sea snakes
  A necromancer (D:15)
  A sphinx zombie (D:15)
  5 cyclopes
  10 fauns
  A hornet (shapeshifter) (D:14)
  A wizard (Abyss:1)
  A phantasmal warrior (D:15)
  11 griffons
  8 water nymphs
  26 wolf spiders
  3 manticores
  A stone giant zombie (D:15)
  6 ugly things
  24 elephants
  5 hornets
  2 moths of wrath
  5 orc sorcerers
  A frost giant skeleton (Abyss:1)
  7 sirens
  4 rust devils
  7 drowned souls
  Maurice (D:10)
  2 sixfirhies (Orc:4)
  Joseph (D:7)
  An apocalypse crab (Abyss:1)
  A fire giant skeleton (Abyss:1)
  7 black mambas
  A smoke demon (Abyss:1)
  25 spiny frogs
  4 centaur zombies
  4 torpor snails
  An orange demon (Abyss:1)
  A gargoyle (D:13)
  A yaktaur zombie (D:15)
  10 blue devils
  3 kobold demonologists
  An efreet (D:15)
  4 fire drakes
  8 komodo dragons
  13 demonic crawlers
  18 deep elf priests
  A redback zombie (D:15)
  A tengu conjurer (D:14)
  2 large abominations (Abyss:1)
  30 merfolk
  2 freezing wraiths
  35 jumping spiders
  10 trolls
  3 wind drakes
  6 polar bears
  2 two-headed ogres
  A giant leech (Lair:8)
  28 blink frogs
  The ghost of namelastname112 the Gusty, an average DrAE (D:4)
  A raiju (Abyss:1)
  3 boulder beetles
  4 ravens
  2 wraiths
  8 snapping turtles
  21 trapdoor spiders
  65 redbacks
  21 starcursed masses (Abyss:1)
  21 water elementals
  Sigmund (D:4)
  5 flying skulls (Abyss:1)
  18 deep elf magi
  A ynoxinul (Abyss:1)
  20 deep elf fighters
  55 yaks
  A spriggan (Lair:3)
  30 tarantellas
  5 vampire mosquitoes
  A steam dragon (D:12)
  3 basilisks
  2 hungry ghosts
  9 hippogriffs
  26 wolves
  3 wargs
  A mottled dragon (D:14)
  13 water moccasins
  3 chaos spawn
  9 porcupines
  28 spiders
  4 black bears
  Duvessa (D:7)
  17 ice beasts
  27 orc warriors
  An eye of draining (D:11)
  4 wasps
  5 sky beasts
  10 big kobolds
  10 ogres
  13 centaurs
  2 phantoms
  17 crocodiles
  A wyvern zombie (D:15)
  Dowan (D:7)
  37 giant frogs
  22 killer bees
  2 scorpions
  13 wights
  A spriggan skeleton (D:10)
  4 electric eels
  11 crimson imps
  2 quasits
  42 orc wizards
  A gnoll shaman (D:10)
  37 orc priests
  5 centaur skeletons
  6 hounds
  Natasha (thrice) (D:3)
  4 hell rats (Elf:1)
  9 iguanas
  A killer bee zombie (D:11)
  34 sheep
  9 worker ants
  3 hound skeletons
  21 gnolls
  77 river rats
  18 adders
  6 shadow imps
  11 white imps (IceCv)
  5 ufetubi (IceCv)
  7 oozes
  An adder skeleton (D:7)
  2 adder zombies
  4 worms
  197 orcs
  4 ball pythons (Sewer)
  A bat skeleton (D:5)
  A bat zombie (D:8)
  8 giant cockroaches
  16 hobgoblins
  10 jackals
  32 kobolds
  6 quokkas
  8 bats
  A giant cockroach zombie (D:6)
  6 giant geckos
  2 giant gecko skeletons (D:6)
  A giant gecko zombie (D:7)
  2 giant newts
  2 giant spores
  26 goblins
  18 rats
  25 ballistomycetes
  A bush (Lair:3)
  A plant (Lair:8)
1846 creatures vanquished.

Vanquished Creatures (collateral kills)
  A harpy (Shoals:4)
1 creature vanquished.

Vanquished Creatures (others)
  A deep elf high priest (Elf:3)
  An unseen horror (D:11)
  Psyche (D:12)
  11 drowned souls
  A deep elf fighter (Elf:3)
  2 lost souls (Elf:3)
  A giant frog (Lair:8)
  A wight (D:12)
  An adder (D:10)
  An ufetubus (IceCv)
  5 giant spores
  A ballistomycete (D:12)
  4 fungi
  21 plants
  2 starspawn tentacles (Abyss:1)
54 creatures vanquished.

Grand Total: 1901 creatures vanquished

Notes
Turn   | Place    | Note
--------------------------------------------------------------
     0 | D:1      | oplop, the Troll Transmuter, began the quest for the Orb.
     0 | D:1      | Reached XP level 1. HP: 18/18 MP: 1/1
    89 | D:1      | Reached skill level 1 in Fighting
   397 | D:1      | Reached XP level 2. HP: 25/27 MP: 2/2
   614 | D:2      | Found a shadowy altar of Dithmenos.
   642 | D:2      | Found a sparkling altar of Nemelex Xobeh.
   679 | D:2      | Reached XP level 3. HP: 28/35 MP: 3/3
  1218 | D:3      | Noticed Natasha
  1228 | D:3      | Killed Natasha
  1228 | D:3      | Reached XP level 4. HP: 18/42 MP: 4/4
  1305 | D:3      | Noticed Natasha
  1309 | D:3      | Killed Natasha
  1453 | D:3      | Noticed Natasha
  1461 | D:3      | Killed Natasha
  1528 | D:3      | Reached skill level 4 in Unarmed Combat
  1528 | D:3      | Reached XP level 5. HP: 31/50 MP: 5/5
  1822 | D:3      | Found a glowing golden altar of the Shining One.
  2274 | D:4      | Reached XP level 6. HP: 34/59 MP: 6/6
  2399 | D:4      | Noticed an ogre
  2406 | D:4      | Killed an ogre
  2406 | D:4      | Reached skill level 5 in Unarmed Combat
  2442 | D:4      | Noticed Pikel
  2442 | D:4      | Noticed a slave
  2442 | D:4      | Noticed a slave
  2443 | D:4      | Noticed a slave
  2446 | D:4      | Noticed a slave
  2454 | D:4      | Killed Pikel
  2454 | D:4      | Reached skill level 6 in Unarmed Combat
  2454 | D:4      | Reached XP level 7. HP: 31/70 MP: 5/7
  2472 | D:4      | Noticed an ogre
  2478 | D:4      | Killed an ogre
  2485 | D:4      | Noticed Sigmund
  2497 | D:4      | Killed Sigmund
  2497 | D:4      | Reached XP level 8. HP: 38/79 MP: 6/8
  2507 | D:4      | Noticed namelastname112's ghost (average DrAE)
  2521 | D:4      | Killed namelastname112's ghost
  2521 | D:4      | Reached skill level 5 in Dodging
  2706 | D:4      | Found a glowing drain.
  2739 | Sewer    | Entered a sewer
  2857 | Sewer    | Reached skill level 5 in Fighting
  2882 | Sewer    | Reached skill level 7 in Unarmed Combat
  3347 | D:5      | Entered Level 5 of the Dungeon
  3363 | D:5      | Reached XP level 9. HP: 81/88 MP: 9/9
  3389 | D:5      | Found a white marble altar of Elyvilon.
  3395 | D:5      | Found a shattered altar of Ashenzari.
  3454 | D:5      | Found Uschuon's Armour Emporium.
  3463 | D:5      | Found a staircase to the Ecumenical Temple.
  3489 | Temple   | Entered the Ecumenical Temple
  3577 | Temple   | Became a worshipper of Cheibriados the Contemplative
  3695 | D:5      | Found a deep blue altar of Sif Muna.
  3906 | D:5      | Found a radiant altar of Vehumet.
  4099 | D:5      | Found a stormy altar of Qazlal.
  4203 | D:6      | Acquired Cheibriados's first power
  4348 | D:6      | Reached skill level 8 in Unarmed Combat
  4399 | D:6      | Reached skill level 1 in Invocations
  4534 | D:6      | Found a burning altar of Makhleb.
  4537 | D:6      | Found a glowing silver altar of Zin.
  4537 | D:6      | Noticed an angel
  4537 | D:6      | Noticed a green death
  4596 | D:6      | Found an iron altar of Okawaru.
  4803 | D:7      | Found a sacrificial altar of Ru.
  4873 | D:7      | Noticed Dowan
  4874 | D:7      | Noticed Duvessa
  4885 | D:7      | Killed Duvessa
  4898 | D:7      | Killed Dowan
  4953 | D:7      | Gained mutation: You tend to lose your temper in combat. [mutagenic meat]
  4954 | D:7      | Gained mutation: You possess an exceptional clarity of mind. [mutagenic meat]
  4978 | D:7      | Noticed Joseph
  5026 | D:7      | Killed Joseph
  5431 | D:8      | Found an ancient bone altar of Kikubaaqudgha.
  5433 | D:8      | Acquired Cheibriados's second power
  5577 | D:8      | Found a deep blue altar of Sif Muna.
  5585 | D:8      | Found a basalt altar of Yredelemnul.
  5650 | D:8      | Reached XP level 10. HP: 88/100 MP: 11/11
  5892 | D:9      | Found a flagged portal.
  5899 | Bailey   | Entered a bailey
  5914 | Bailey   | Noticed an orc knight
  5939 | Bailey   | Killed an orc knight
  5939 | Bailey   | Reached skill level 9 in Unarmed Combat
  6079 | Bailey   | Found a bloodstained altar of Trog.
  6194 | D:9      | Found a staircase to the Orcish Mines.
  6215 | D:9      | Acquired Cheibriados's third power
  6268 | D:9      | Got a transparent trident
  6269 | D:9      | Identified the +7 trident of Zearudwe {pain, rPois} (You found it on level 9 of the Dungeon)
  6525 | D:9      | Found a bloodstained altar of Trog.
  6896 | D:10     | Entered Level 10 of the Dungeon
  7032 | D:10     | Noticed Maurice
  7065 | D:10     | Killed Maurice
  7069 | D:10     | Acquired Cheibriados's fourth power
  7221 | D:10     | Found a runed door.
  7530 | D:11     | Noticed a cyclops
  7543 | D:11     | Killed a cyclops
  7543 | D:11     | Reached XP level 11. HP: 43/109 MP: 15/15
  7581 | D:11     | Noticed a hill giant
  7591 | D:11     | Killed a hill giant
  7611 | D:11     | Reached skill level 5 in Invocations
  7621 | D:11     | Found a frozen archway.
  7642 | IceCv    | Entered an ice cave
  7682 | IceCv    | Noticed an ice statue
  7682 | IceCv    | Noticed an ice statue
  7687 | IceCv    | Killed an ice statue
  7715 | IceCv    | Killed an ice statue
  7728 | IceCv    | Noticed namelastname112's ghost (powerful DrEn)
  7752 | IceCv    | Killed namelastname112's ghost
  7752 | IceCv    | Reached skill level 5 in Transmutations
  8052 | IceCv    | Noticed an ice devil
  8076 | IceCv    | Killed an ice devil
  8114 | IceCv    | Got an aquamarine-encrusted scale mail
  8258 | D:11     | Noticed a brown ugly thing
  8264 | D:11     | Killed a brown ugly thing
  8300 | D:11     | Gained mutation: Armour fits poorly on your strangely shaped body. [mutagenic meat]
  8460 | D:11     | Noticed a hill giant
  8468 | D:11     | Killed a hill giant
  8511 | D:11     | Reached XP level 12. HP: 103/118 MP: 17/17
  8557 | D:11     | Found a staircase to the Lair.
  8588 | D:11     | Killed an unseen horror
  9138 | D:11     | Learned a level 5 spell: Blade Hands
  9143 | D:11     | Learned a level 4 spell: Ice Form
  9311 | D:12     | Gained mutation: You are frail (-10% HP). [mutagenic meat]
  9418 | Lair:1   | Entered Level 1 of the Lair of Beasts
  9450 | Lair:1   | Noticed Urug
  9458 | Lair:1   | Reached skill level 10 in Unarmed Combat
  9463 | Lair:1   | Killed Urug
  9590 | Lair:1   | Noticed namelastname112's ghost (powerful DrWr)
  9601 | Lair:1   | Killed namelastname112's ghost
 11037 | Lair:2   | Noticed Fannar
 11050 | Lair:2   | Killed Fannar
 11050 | Lair:2   | Reached XP level 13. HP: 117/117 MP: 14/18
 11276 | Lair:3   | Identified a +2 rod of the swarm (9/9) (You found it on level 2 of the Lair of Beasts)
 11277 | Lair:3   | Gained mutation: Your body sometimes deteriorates upon taking damage. [potion of mutation]
 11277 | Lair:3   | Gained mutation: Scrolls take you a little longer to read. [potion of mutation]
 11320 | Lair:3   | Reached skill level 11 in Unarmed Combat
 12173 | Lair:4   | Found a hole to the Spider Nest.
 12624 | Lair:4   | Lost mutation: You are frail (-10% HP). [potion of mutation]
 12624 | Lair:4   | Gained mutation: Scrolls take you longer to read. [potion of mutation]
 13991 | Lair:6   | Noticed nubinia's ghost (powerful GrEE)
 14001 | Lair:6   | Killed nubinia's ghost
 14070 | Lair:6   | Found an iron altar of Okawaru.
 14557 | Lair:6   | Found a staircase to the Shoals.
 14898 | Lair:7   | Reached XP level 14. HP: 101/141 MP: 20/20
 14935 | Lair:7   | Learned a level 2 spell: Repel Missiles
 14947 | Lair:7   | Reached skill level 12 in Unarmed Combat
 14953 | Lair:7   | Reached skill level 10 in Fighting
 15137 | Lair:7   | HP: 7/143 [six-headed hydra (12)]
 15151 | Lair:7   | HP: 7/143 [griffon (6)]
 15563 | Lair:7   | Reached skill level 10 in Invocations
 15729 | Lair:8   | Entered Level 8 of the Lair of Beasts
 16000 | Lair:8   | Reached skill level 1 in Ice Magic
 16079 | Lair:8   | Reached skill level 1 in Charms
 16345 | Lair:8   | Got a crude lead amulet
 16349 | Lair:8   | Identified the amulet of Uffud {rCorr rPois MR+} (You found it on level 8 of the Lair of Beasts)
 16589 | Lair:8   | Reached XP level 15. HP: 152/152 MP: 15/21
 16763 | Lair:8   | Found a runed door.
 16763 | Lair:8   | Found a viscous altar of Jiyva.
 16763 | Lair:8   | Found a staircase to the Slime Pits.
 17191 | Lair:1   | Learned a level 3 spell: Flight
 17266 | D:12     | Gained mutation: You are dopey. (Int -2) [mutagenic meat]
 17267 | D:12     | Gained mutation: You are partially covered in yellow scales (AC +2). [mutagenic meat]
 17268 | D:12     | Gained mutation: You occasionally shout uncontrollably at your foes. [mutagenic meat]
 17269 | D:12     | Lost mutation: You are partially covered in yellow scales (AC +2). [mutagenic meat]
 17287 | D:12     | Gained mutation: Your muscles are strong. (Str +2) [mutagenic meat]
 17291 | D:12     | Gained mutation: You are robust (+10% HP). [mutagenic meat]
 17410 | D:12     | Noticed Psyche
 17421 | D:12     | Killed Psyche
 17685 | D:12     | Noticed Rupert
 17698 | D:12     | Killed Rupert
 17800 | D:12     | Noticed Nergalle
 17806 | D:12     | Killed Nergalle
 18734 | D:13     | Reached skill level 13 in Unarmed Combat
 19035 | D:14     | Lost mutation: Armour fits poorly on your strangely shaped body. [mutagenic meat]
 19037 | D:14     | Gained mutation: You are very robust (+20% HP). [mutagenic meat]
 19038 | D:14     | Gained mutation: You can translocate small distances at will. [mutagenic meat]
 19039 | D:14     | Gained mutation: Your body often deteriorates upon taking damage. [mutagenic meat]
 19077 | D:14     | Found a labyrinth entrance.
 19104 | Lab      | Entered a labyrinth
 19424 | Lab      | Identified the Collected Works on Earthen Transmigration
 19425 | Lab      | Got an ichor-stained robe
 19427 | Lab      | Got a bloodstained scythe
 19428 | Lab      | Identified the +3 scythe of Giqerili {freeze, rC+ MP+9 Str-3 Dex+7} (You found it in a labyrinth)
 19435 | D:14     | Gained mutation: You are surrounded by a mild repulsion field (EV +2). [potion of beneficial mutation]
 19447 | D:14     | Identified the +1 robe of Ygixan {rF- rN+ rCorr Str+2} (You found it in a labyrinth)
 19464 | D:14     | Identified a +5 rod of destruction (11/11) (You found it in a labyrinth)
 19823 | D:14     | Found a gate to the Vaults.
 20077 | D:14     | Found a basalt altar of Yredelemnul.
 20377 | D:15     | Entered Level 15 of the Dungeon
 20500 | D:15     | Gained mutation: You can spit weak poison. [potion of beneficial mutation]
 20741 | D:15     | Found a staircase to the Depths.
 21423 | Orc:1    | Entered Level 1 of the Orcish Mines
 21663 | Orc:1    | Found a roughly hewn altar of Beogh.
 22665 | Orc:2    | Noticed Sonja
 22667 | Orc:2    | Killed Sonja
 22667 | Orc:2    | Reached skill level 1 in Throwing
 22667 | Orc:2    | Reached XP level 16. HP: 195/195 MP: 17/23
 22875 | Orc:3    | Found a staircase to the Elven Halls.
 23055 | Orc:3    | Reached skill level 1 in Shields
 23265 | Orc:4    | Entered Level 4 of the Orcish Mines
 23496 | Orc:4    | Reached skill level 14 in Unarmed Combat
 23547 | Orc:4    | Found Omahos's Assorted Antiques.
 23547 | Orc:4    | Found Ileyn's Book Shop.
 23549 | Orc:4    | Found Goasyem's Gadget Shoppe.
 23549 | Orc:4    | Found Veabour's General Store.
 24208 | Orc:2    | Found Vosab's Armour Boutique.
 24617 | Spider:1 | Entered Level 1 of the Spider Nest
 24766 | Shoals:1 | Entered Level 1 of the Shoals
 25388 | D:5      | Bought a +2 storm dragon armour for 1288 gold pieces
 26347 | Spider:1 | Reached skill level 1 in Armour
 26542 | Spider:1 | Noticed Louise
 26560 | Spider:1 | Killed Louise
 26730 | Spider:1 | Noticed Frances
 26737 | Spider:1 | Killed Frances
 27354 | Spider:1 | Reached skill level 5 in Shields
 27540 | Spider:2 | Noticed Donald
 27551 | Spider:2 | Killed Donald
 27594 | Spider:2 | Noticed Agnes
 27600 | Spider:2 | Killed Agnes
 27929 | Spider:2 | Reached skill level 5 in Throwing
 28990 | Spider:3 | Reached skill level 5 in Armour
 29018 | Spider:3 | Reached XP level 17. HP: 104/204 MP: 18/24
 29553 | Spider:3 | Found a roughly hewn altar of Beogh.
 29651 | Spider:4 | Entered Level 4 of the Spider Nest
 30422 | Spider:4 | Got a gossamer rune of Zot
 30932 | Lair:1   | Gained mutation: You are partially covered in molten scales (AC +1). [potion of beneficial mutation]
 31178 | Shoals:1 | HP: 8/204 [drowned by a water nymph (10)]
 31556 | Elf:1    | Entered Level 1 of the Elven Halls
 32133 | Elf:1    | Reached XP level 18. HP: 165/216 MP: 25/25
 32473 | Elf:1    | Cast into the Abyss (a deep elf demonologist)
 32643 | Abyss:1  | Paralysed by you for 4 turns
 32709 | Abyss:1  | Got a twisted scythe
 32860 | Elf:1    | Escaped the Abyss
 33158 | Elf:2    | Found a runed gate.
 33158 | Elf:2    | Found a runed gate.
 33159 | Elf:2    | Found a runed gate.
 33198 | Elf:2    | Found an ancient bone altar of Kikubaaqudgha.
 33219 | Elf:2    | Reached skill level 15 in Unarmed Combat
 33239 | Elf:2    | Found Gasome Malo's Antique Armour Emporium.
 33248 | Elf:2    | Bought a runed cloak for 189 gold pieces
 33248 | Elf:2    | Bought a shiny shield for 189 gold pieces
 33644 | Elf:3    | Entered Level 3 of the Elven Halls
 33661 | Elf:3    | Noticed Jorgrun
 33663 | Elf:3    | Noticed Erica
 33669 | Elf:3    | Killed Erica
 33672 | Elf:3    | Killed Jorgrun
 33676 | Elf:3    | Found a flickering gateway to a bazaar.
 33703 | Bazaar   | Entered a bazaar
 33703 | Bazaar   | Found Negisin's General Store.
 33703 | Bazaar   | Found Poacats's Food Shop.
 33703 | Bazaar   | Found Lovielyf's Gadget Shoppe.
 33705 | Bazaar   | Found Ymil Biw's Antique Weapon Shoppe.
 33705 | Bazaar   | Found Hyukh's Antique Armour Boutique.
 33721 | Bazaar   | Bought a bread ration for 45 gold pieces
 33721 | Bazaar   | Bought a meat ration for 45 gold pieces
 33721 | Bazaar   | Bought a bread ration for 45 gold pieces
 33721 | Bazaar   | Bought a meat ration for 45 gold pieces
 33721 | Bazaar   | Bought a bread ration for 45 gold pieces
 33721 | Bazaar   | Bought a bread ration for 45 gold pieces
 33774 | Elf:3    | Found Vosommei's Jewellery Boutique.
 34063 | Elf:3    | Found a radiant altar of Vehumet.
 34095 | Elf:3    | Found Cusuevva's Distillery.
 34124 | Elf:3    | Bought a potion of heal wounds for 70 gold pieces
 34124 | Elf:3    | Bought a potion of heal wounds for 70 gold pieces
 34124 | Elf:3    | Bought a potion of heal wounds for 70 gold pieces
 34124 | Elf:3    | Bought a potion of resistance for 140 gold pieces
 34681 | Elf:3    | Reached XP level 19. HP: 181/230 MP: 19/27
 34794 | Elf:3    | Got a brightly glowing golden ring
 34799 | Elf:3    | Got a sparkling bone amulet
 34854 | Elf:3    | Identified the amulet "Pomn" {Clar +Blink rPois Int+3 SInv} (You found it on level 3 of the Elven Halls)
 34861 | Elf:3    | Identified Sefytib's Grimoire of Conjuration
 34866 | Elf:3    | Identified Urenoag's Compendium of Mutagenic Evil
 34871 | Elf:3    | Learned a level 2 spell: Stoneskin
 34894 | Elf:3    | Lost mutation: You are dopey. (Int -2) [potion of cure mutation]
 34894 | Elf:3    | Lost mutation: Your body often deteriorates upon taking damage. [potion of cure mutation]
 34894 | Elf:3    | Lost mutation: You can spit weak poison. [potion of cure mutation]
 34894 | Elf:3    | Lost mutation: Your muscles are strong. (Str +2) [potion of cure mutation]
 34936 | Elf:3    | Identified the ring "Ydikes" {rElec Dex+4 SInv} (You took it off a deep elf demonologist on level 3 of the Elven Halls)
 34946 | Elf:3    | Learned a level 3 spell: Portal Projectile
 34949 | Elf:3    | Learned a level 2 spell: Blink
 34951 | Elf:3    | Learned a level 1 spell: Apportation
 34962 | Elf:3    | Upgraded the game from 0.17-a0-957-ga3519be to 0.17-a0-963-gaa5423c
 35817 | Shoals:1 | Noticed Roxanne
 35821 | Shoals:1 | Killed Roxanne
 35823 | Shoals:1 | Identified Roxanne's Grimoire of the Rocks and Transformation (You took it off Roxanne on level 1 of the Shoals)
 36683 | Shoals:3 | Reached skill level 10 in Dodging
 36706 | Shoals:3 | Reached skill level 10 in Transmutations
 36724 | Shoals:3 | Found Fatuce Dyuk's Magic Scroll Shop.
 36737 | Shoals:3 | Bought a scroll of teleportation for 42 gold pieces
 36737 | Shoals:3 | Bought a scroll of teleportation for 42 gold pieces
 36737 | Shoals:3 | Bought a scroll of teleportation for 42 gold pieces
 36737 | Shoals:3 | Bought a scroll of identify for 28 gold pieces
 36945 | Shoals:4 | Entered Level 4 of the Shoals
 36945 | Shoals:4 | Noticed Nikola
 36952 | Shoals:4 | Killed Nikola
 37469 | Shoals:4 | Got a barnacled rune of Zot
 37546 | Shoals:4 | Noticed Ilsuiw
 37872 | Shoals:4 | Reached skill level 10 in Throwing
 38123 | Shoals:4 | Slain by a merfolk impaler

Action                   |  1- 3 |  4- 6 |  7- 9 | 10-12 | 13-15 | 16-18 | 19-21 || total
-------------------------+-------+-------+-------+-------+-------+-------+-------++-------
Melee: Unarmed           |   123 |   151 |   362 |   695 |  1177 |  1623 |   460 ||  4591
Throw: Stone             |       |       |       |     2 |    10 |       |       ||    12
       Tomahawk          |       |       |       |       |     1 |    21 |    41 ||    63
       Large rock        |       |       |       |       |       |    44 |       ||    44
 Cast: Beastly Appendage |       |     1 |    28 |    38 |     1 |     1 |       ||    69
       Blade Hands       |       |       |       |    11 |    67 |    32 |    17 ||   127
       Ice Form          |       |       |       |     3 |     1 |     1 |       ||     5
       Repel Missiles    |       |       |       |       |     1 |     4 |     2 ||     7
       Flight            |       |       |       |       |       |     4 |       ||     4
       Stoneskin         |       |       |       |       |       |       |     1 ||     1
Invok: Bend Time         |       |       |       |     8 |     4 |       |     1 ||    13
       Slouch            |       |       |       |     1 |    16 |    18 |     3 ||    38
       Temporal Distorti |       |       |       |     3 |     5 |    12 |    10 ||    30
       Step From Time    |       |       |       |       |     1 |     2 |     2 ||     5
 Abil: End Transformatio |       |       |       |       |       |     5 |     3 ||     8
Evoke: Wand              |       |       |       |     5 |     2 |    12 |     1 ||    20
  Use: Scroll            |       |     7 |     4 |    16 |     8 |     9 |     4 ||    48
       Potion            |       |     2 |       |     1 |     5 |     3 |     3 ||    14
 Stab: Sleeping          |     1 |       |       |     6 |     2 |       |       ||     9
       Distracted        |       |       |       |     1 |     4 |     2 |       ||     7
       Fleeing           |       |       |       |       |     1 |       |       ||     1
       Petrifying        |       |       |       |       |       |     1 |       ||     1
       Paralysed         |       |       |       |       |       |     1 |       ||     1
  Eat: Chunk             |     9 |    17 |    33 |    40 |   121 |    82 |    33 ||   335
       Beef jerky        |       |       |       |     2 |     1 |     1 |       ||     4
       Pizza             |       |       |       |       |     1 |       |     1 ||     2
       Meat ration       |       |       |       |       |       |     4 |       ||     4
       Bread ration      |       |       |       |       |       |     2 |       ||     2
       Fruit             |       |       |       |       |       |     4 |       ||     4
